Map: Central Protocol

Players

Multi

  • Race: Protoss Protoss
  • League: Master

LiquidSnute (Snute) - Winner!

  • Race: Zerg Zerg
  • League: Grandmaster

VOD

Have the link to the VOD?

Description

Time

  • Played on: Feb. 28, 2016, 7:56 a.m.
  • Length: 8:31
Show
View Real Time Build Order
Export as new Build Order

Multi Protoss 

Build Orders: Double Forge, Nexus First, Phoenix Opening 

Get SALT Encoding   

  12  0:01  Probe (Chrono Boost)  
  13  0:11  Probe (Chrono Boost)  
  14  0:18  Pylon  
  14  0:22  Probe (Chrono Boost)  
  15  0:36  Probe (Chrono Boost)  
  16  0:47  Probe (Chrono Boost)  
  17  0:57  Nexus  
  17  1:08  Gateway  
  17  1:10  Probe (Chrono Boost)  
  18  1:17  Assimilator  
  18  1:21  Probe (Chrono Boost)  
  18  1:24  Assimilator  
  19  1:31  Probe (Chrono Boost)  
  20  1:42  Probe (Chrono Boost)  
  20  1:44  Pylon  
  21  1:52  Probe (Chrono Boost)  
  22  1:55  Cybernetics Core  
  22  2:02  Zealot  
  22  2:03  Probe (Chrono Boost)  
  25  2:09  Probe (Chrono Boost)  
  25  2:14  Probe (Chrono Boost)  
  27  2:19  Probe (Chrono Boost)  
  28  2:24  Probe (Chrono Boost)  
  28  2:29  Mothership Core (Chrono Boost)  
  29  2:32  Adept (Chrono Boost)  
  29  2:35  Probe  
  34  2:44  Stargate  
  34  2:48  Gateway  
  34  2:50  Warp Gate (Chrono Boost), Probe  
  34  2:51  Probe  
  36  3:01  Pylon  
  36  3:04  Probe  
  36  3:05  Probe  
  38  3:14  Probe  
  38  3:17  Probe  
  40  3:25  Probe  
  41  3:29  Phoenix (Chrono Boost)  
  43  3:38  Sentry  
  43  3:40  Forge  
  45  3:44  Probe x2  
  45  3:52  Phoenix (Chrono Boost)  
  45  3:55  Nexus  
  47  4:14  Void Ray (Chrono Boost)  
  47  4:22  Probe x2  
  39  4:34  Probe, Pylon  
  39  4:35  Pylon  
  39  4:36  Probe  
  39  4:44  Pylon  
  39  4:46  Probe  
  39  4:51  Phoenix (Chrono Boost)  
  40  4:54  Forge  
  40  4:55  Probe  
  40  4:58  Probe (Chrono Boost)  
  42  5:07  Probe x2 (Chrono Boost)  
  42  5:09  Sentry x2  
  42  5:10  Probe (Chrono Boost)  
  49  5:18  Probe (Chrono Boost)  
  49  5:19  Probe (Chrono Boost)  
  49  5:21  Probe (Chrono Boost)  
  53  5:28  Probe (Chrono Boost)  
  53  5:30  Probe (Chrono Boost)  
  53  5:33  Probe (Chrono Boost)  
  55  5:36  Adept  
  55  5:39  Probe (Chrono Boost)  
  55  5:40  Probe (Chrono Boost)  
  55  5:42  Robotics Facility  
  59  5:44  Probe (Chrono Boost)  
  59  5:46  Protoss Ground Weapons Level 1  
  59  5:49  Probe (Chrono Boost)  
  61  5:51  Assimilator, Probe (Chrono Boost)  
  61  5:54  Assimilator  
  62  5:58  Probe (Chrono Boost)  
  62  6:00  Probe (Chrono Boost)  
  64  6:04  Zealot  
  64  6:05  Zealot  
  64  6:07  Probe (Chrono Boost)  
  64  6:08  Probe (Chrono Boost)  
  64  6:09  Assimilator  
  70  6:13  Pylon  
  70  6:15  Probe (Chrono Boost)  
  70  6:18  Probe (Chrono Boost)  
  72  6:19  Probe (Chrono Boost)  
  72  6:24  Twilight Council  
  73  6:25  Probe (Chrono Boost)  
  73  6:27  Probe (Chrono Boost)  
  73  6:30  Probe (Chrono Boost), Zealot  
  73  6:31  Observer (Chrono Boost)  
  79  6:35  Assimilator  
  79  6:37  Probe x2  
  81  6:41  Probe  
  81  6:46  Phoenix  
  82  6:47  Probe, Sentry  
  82  6:49  Probe  
  82  6:54  Pylon, Probe  
  86  6:55  Zealot  
  86  6:58  Probe  
  86  6:59  Pylon  
  90  7:02  Probe  
  89  7:11  Probe x2, Zealot  
  89  7:14  Probe  
  92  7:22  Probe, Zealot  
  91  7:27  Gateway  
  91  7:28  Twilight Council, Probe  
  91  7:29  Gateway  
  94  7:31  Gateway  
  94  7:35  Gateway  
  95  7:38  Zealot  
  95  7:40  Probe  
  96  7:50  Probe  
  96  7:51  Zealot  
  91  7:52  Probe  
  91  7:53  Probe  
  91  7:54  Photon Cannon  
  94  8:04  Robotics Facility  
  98  8:12  Pylon, Zealot  
  100  8:19  Zealot  
Show
View Real Time Build Order
Export as new Build Order

LiquidSnute Zerg - Winner!

Build Orders: Hatch First 

Get SALT Encoding   

  12  0:00  Drone  
  13  0:12  Overlord  
  13  0:17  Drone  
  14  0:30  Drone x2  
  14  0:34  Drone  
  17  0:52  Hatchery  
  17  0:54  Drone  
  17  0:57  Drone  
  17  1:00  Extractor  
  17  1:13  Spawning Pool  
  17  1:16  Drone  
  17  1:19  Drone  
  18  1:28  Drone  
  19  1:38  Overlord  
  19  1:59  Queen  
  19  2:00  Metabolic Boost  
  21  2:03  Queen  
  21  2:04  Zergling x2  
  21  2:05  Drone  
  21  2:08  Drone  
  26  2:11  Drone  
  26  2:14  Drone  
  28  2:22  Drone  
  29  2:36  Hatchery  
  28  2:41  Zergling x4, Evolution Chamber  
  29  2:46  Zergling x2  
  29  2:47  Zergling x2  
  31  2:56  Zergling x4  
  31  2:58  Zergling x2  
  34  3:04  Overlord  
  34  3:08  Zergling x4  
  36  3:24  Drone x5  
  36  3:25  Drone  
  42  3:29  Drone  
  43  3:36  Overlord  
  43  3:40  Drone  
  44  3:47  Queen  
  45  3:49  Drone x4  
  45  3:50  Overlord  
  49  3:56  Drone x3  
  49  4:00  Overlord  
  52  4:08  Drone x2  
  52  4:09  Drone  
  54  4:12  Drone  
  55  4:17  Drone  
  55  4:21  Drone x4  
  55  4:23  Drone  
  58  4:25  Drone x2  
  58  4:27  Spore Crawler  
  58  4:28  Drone x2  
  58  4:32  Drone  
  58  4:34  Drone  
  58  4:39  Overlord  
  58  4:43  Drone  
  58  4:44  Drone  
  60  4:49  Overlord  
  60  4:50  Queen x3, Extractor  
  65  4:55  Overlord x2  
  65  4:56  Overlord  
  65  4:59  Drone  
  66  5:08  Drone x3  
  66  5:09  Drone x5  
  66  5:12  Overlord  
  74  5:17  Spore Crawler  
  74  5:18  Spore Crawler  
  74  5:19  Drone  
  74  5:20  Extractor  
  74  5:21  Drone  
  73  5:22  Extractor  
  73  5:23  Drone  
  73  5:25  Spore Crawler, Drone  
  73  5:26  Drone  
  73  5:27  Spore Crawler  
  73  5:28  Lair  
  73  5:30  Spore Crawler, Drone x5  
  73  5:34  Drone  
  78  5:36  Drone  
  78  5:40  Extractor  
  78  5:41  Extractor  
  78  5:42  Drone  
  78  5:46  Zerg Missile Weapons Level 1, Drone x2  
  80  5:52  Drone x3  
  82  6:01  Drone  
  83  6:06  Drone x3  
  83  6:08  Overlord  
  83  6:09  Zergling x2  
  83  6:10  Zergling x8  
  91  6:16  Zergling x4  
  93  6:20  Overlord  
  93  6:21  Zergling x6, Hatchery  
  95  6:26  Hydralisk Den  
  95  6:29  Infestation Pit  
  95  6:32  Zergling x10  
  95  6:59  Hydralisk x6  
  95  7:00  Hydralisk x7, Muscular Augments  
  116  7:10  Hydralisk x3  
  122  7:21  Hydralisk  
  121  7:24  Overlord  
  121  7:26  Overlord x2  
  121  7:33  Hydralisk x3  
  127  7:48  Hydralisk x5  
  127  7:49  Hydralisk x5  
  127  7:50  Overlord x2  
  127  7:51  Overlord  
  141  7:59  Zergling x12  
  141  8:02  Hydralisk  
  141  8:03  Hydralisk  
  141  8:04  Overlord x2  
  151  8:12  Zergling x6  
Tags
 
Add a new tag
Caveats
  • Supply blocks, unpowered buildings, or Contaminate may cause inaccurate times.
  • Supply counts are checked every 10 seconds.